 Dungeon Crawl Stone Soup version 0.21.1-1-g345015f (webtiles) character file.

487 xccam the Spear-Bearer (level 7, -5/50 HPs)
             Began as a Merfolk Gladiator on Feb 15, 2018.
             Slain by an ogre
             ... wielding a +0 giant spiked club
              (11 damage)
             ... on level 4 of the Dungeon.
             The game lasted 00:06:26 (2904 turns).

xccam the Spear-Bearer (Merfolk Gladiator)          Turns: 2904, Time: 00:06:26

Health: -5/50      AC:  7    Str: 15    XL:     7   Next: 13%
Magic:  7/7        EV: 13    Int:  8    God:
Gold:   221        SH:  0    Dex: 16    Spells: 6/6 levels left

rFire    . . .     SeeInvis .   a - +0 trident
rCold    + . .     Gourm    +   (no shield)
rNeg     . . .     Faith    .   e - +0 ring mail
rPois    .         Spirit   .   c - +0 helmet
rElec    .         Reflect  .   A - +0 cloak
rCorr    .         Harm     .   (no gloves)
MR       .....                  (no boots)
Stlth    +.........             q - amulet of the gourmand
HPRegen  0.16/turn              s - ring of protection from cold
MPRegen  0.10/turn              (no ring)

@: no status effects
A: change form in water, swift swim, stealthy swim
a: no special abilities


You were on level 4 of the Dungeon.
You were full.

You visited 1 branch of the dungeon, and saw 4 of its levels.

You collected 221 gold pieces.

Inventory:

Hand Weapons
 a - a +0 trident (weapon)
Missiles
 d - 3 throwing nets (quivered)
Armour
 c - a +0 helmet (worn)
 e - a +0 ring mail (worn)
 A - a +0 cloak (worn)
Jewellery
 k - an uncursed amulet of faith
 q - an amulet of the gourmand (around neck)
 s - a ring of protection from cold (left hand)
Wands
 t - a wand of iceblast (5)
 y - a wand of paralysis (12)
Scrolls
 b - a scroll of magic mapping {unknown}
 h - a scroll of teleportation {unknown}
 l - 2 scrolls of amnesia {unknown}
 m - 4 scrolls of identify {unknown}
 o - a scroll of immolation {unknown}
 p - a scroll of fog {unknown}
 v - 2 scrolls of fear {unknown}
 w - 3 scrolls of remove curse {unknown}
 x - a scroll of noise {unknown}
 z - a scroll of random uselessness {unknown}
Potions
 g - 2 potions of mutation {unknown}
 i - a potion of brilliance {unknown}
 j - a potion of invisibility {unknown}
 n - a potion of degeneration {unknown}
 r - a potion of agility {unknown}
 u - a potion of might {unknown}
Comestibles
 f - 8 rations


   Skills:
 - Level 2.1 Fighting
 + Level 11.1 Polearms
 - Level 2.0 Throwing
 - Level 4.0 Dodging


You had 6 spell levels left.
You didn't know any spells.

Dungeon Overview and Level Annotations

Branches:
Dungeon (4/15)
 Temple: D:4-7

Altars:


Message History

The ogre is heavily wounded.
Your ring mail prevents you from hitting the ogre.
The ogre is heavily wounded.
The ogre misses you.
You hit the ogre.
The ogre is severely wounded.
You hit the ogre.
The ogre is almost dead.
The ogre hits you with a giant spiked club!!
* * * LOW HITPOINT WARNING * * *
You are too injured to fight recklessly!
You are too injured to fight recklessly!
You are too injured to fight recklessly!
You are too injured to fight recklessly!
You barely miss the ogre.
The ogre is almost dead.
You hit the ogre.
The ogre is almost dead.
The ogre hits you with a giant spiked club!
You die...

.........####.....####........
.........#).##...##..#......##
.........#...##.##...#......#
###......##...#.#...##......#
#####...##.'#.#).##..######
#....###...###....##
#........8.........#
##...###...###...#.#
#..##.@#.#†.##..#...
#.##.O.#.#...##.##...
#.#...##.##...#.# .### .
##.#(.##...##..#.. #.
##..####.....####.##
###.##.................#
..........####.########
#....###.# #..#
###....###.###.##


You could see an ogre.

Vanquished Creatures
  2 ogres
  The ghost of shakethe the Covered, a weakling GrFi (D:3)
  2 orc wizards (D:3)
  A hound skeleton (D:4)
  5 gnolls
  5 adders
  An ooze (D:2)
  3 worms
  2 leopard geckos
  9 orcs
  7 giant cockroaches
  6 goblins
  7 hobgoblins
  13 jackals (D:1)
  3 quokkas (D:3)
  A ball python (D:4)
  A ball python skeleton (D:4)
  6 bats
  6 frilled lizards
  7 kobolds
  A leopard gecko skeleton (D:4)
  11 rats
100 creatures vanquished.

Notes
Turn   | Place    | Note
-------+----------+-------------------------------------------
     0 | D:1      | xccam the Merfolk Gladiator began the quest for the Orb.
     0 | D:1      | Reached XP level 1. HP: 16/16 MP: 1/1
    54 | D:1      | Reached skill level 5 in Polearms
    54 | D:1      | Reached XP level 2. HP: 22/22 MP: 2/2
   203 | D:1      | Reached skill level 6 in Polearms
   203 | D:1      | Reached XP level 3. HP: 27/27 MP: 3/3
   841 | D:2      | Reached skill level 7 in Polearms
   841 | D:2      | Reached XP level 4. HP: 30/33 MP: 4/4
  1628 | D:3      | Reached skill level 8 in Polearms
  1628 | D:3      | Reached XP level 5. HP: 33/38 MP: 5/5
  1767 | D:3      | Reached skill level 9 in Polearms
  2119 | D:3      | Noticed shakethe's ghost (weakling GrFi)
  2168 | D:3      | Killed shakethe's ghost
  2168 | D:3      | Reached XP level 6. HP: 31/44 MP: 6/6
  2303 | D:3      | Reached skill level 10 in Polearms
  2545 | D:3      | Reached XP level 7. HP: 26/50 MP: 7/7
  2708 | D:4      | Reached skill level 11 in Polearms
  2904 | D:4      | Slain by an ogre

Skill      XL: |  1  2  3  4  5  6  7 |
---------------+----------------------+-----
Polearms       | 5 6 7 8 9 10 11 | 11.1
Fighting       | |  2.1
Throwing       | |  2.0
Dodging        | |  4.0

Action                   |  1- 3 |  4- 6 |  7- 9 || total
-------------------------+-------+-------+-------++-------
Melee: Trident           |   129 |   177 |    33 ||   339
 Stab: Distracted        |       |     1 |       ||     1
  Eat: Chunk             |       |    10 |       ||    10
       Ration            |       |     1 |       ||     1
Armor: Leather armour    |    12 |       |       ||    12
       Ring mail         |    36 |    32 |     7 ||    75
Dodge: Dodged            |    83 |    67 |    27 ||   177
